 Dungeon Crawl Stone Soup version 0.29-a0-553-g81b289dbe5 (webtiles) character file.

Game seed: 2581462316055693198

91 DocClef the Covert (level 4, 0/41 HPs)
             Began as a Gnoll Delver on June 6, 2022.
             Slain by an adder (2 damage)
             ... on level 5 of the Dungeon.
             The game lasted 00:00:17 (211 turns).

DocClef the Covert (Gnoll Delver)                    Turns: 211, Time: 00:00:18

Health: 0/41       AC:  3    Str: 14    XL:     4   Next: 59%
Magic:  5/5        EV: 13    Int:  9    God:
Gold:   0          SH:  0    Dex: 13    Spells: 5/5 levels left

rFire   . . .      SeeInvis .   a - +0 short sword
rCold   . . .      Faith    .   (no shield)
rNeg    . . .      Spirit   .   b - +0 leather armour
rPois   .          Reflect  .   (no helmet)
rElec   .          Harm     .   (no cloak)
rCorr   .          Rampage  .   (no gloves)
Will    .....                   (no boots)
Stlth   ++++......              (no amulet)
HPRegen 0.13/turn               (no ring)
MPRegen 0.09/turn               (no ring)

@: lethally poisoned (0 -> -3)
A: fangs 1, strong nose, distributed training
a: no special abilities


You were on level 5 of the Dungeon.
You visited 1 branch of the dungeon, and saw 1 of its levels.

Inventory:

Hand Weapons
 a - a +0 short sword (weapon)
Armour
 b - a +0 leather armour (worn)
Wands
 g - a wand of digging (3)
Scrolls
 c - a scroll of fog
 d - a scroll of magic mapping
 e - a scroll of fear
 h - a scroll of poison {unknown}
Potions
 f - a potion of haste


   Skills:
 + Level 6.6 Fighting
 + Level 4.6 Short Blades
 + Level 1.2 Long Blades
 + Level 1.2 Axes
 + Level 1.2 Maces & Flails
 + Level 1.2 Polearms
 + Level 1.2 Staves
 + Level 1.2 Slings
 + Level 1.2 Bows
 + Level 1.2 Crossbows
 + Level 1.2 Throwing
 + Level 1.2 Armour
 + Level 4.6 Dodging
 + Level 9.6 Stealth
 + Level 1.2 Shields
 + Level 1.2 Unarmed Combat
 + Level 1.2 Spellcasting
 + Level 1.0 Conjurations
 + Level 1.0 Hexes
 + Level 1.0 Summonings
 + Level 1.0 Necromancy
 + Level 1.0 Translocations
 + Level 1.0 Transmutations
 + Level 1.0 Fire Magic
 + Level 1.0 Ice Magic
 + Level 1.0 Air Magic
 + Level 1.0 Earth Magic
 + Level 1.0 Poison Magic
 + Level 1.3 Invocations
 + Level 1.2 Evocations


You had 5 spell levels left.
You didn't know any spells.
Your spell library was empty.

Dungeon Overview and Level Annotations

Branches:
Dungeon (5/15)
 Temple: D:4-7

Altars:


Innate Abilities, Weirdness & Mutations

You have very sharp teeth.
Your uncanny sense of smell can sniff out nearby items.
Your experience applies equally to all skills.


Message History

You are too injured to fight recklessly!
Unknown command.
Found a bronze wand.
You feel sick. The adder misses you. The ogre barely misses you.
The adder attacks as you move away! The adder closely misses you.
You feel sick. The adder bites you but does no damage.
You feel sick. The adder bites you.
You are more poisoned.
The adder poisons you!
You feel sick.
You hit the adder but do no damage.
The adder is moderately wounded.
You feel sick. The adder completely misses you.
You miss the adder.
The adder is moderately wounded.
You feel sick. The adder barely misses you.
You miss the adder. Your bite misses the adder.
The adder is moderately wounded.
You feel sick. The adder bites you.
* * * LOW HITPOINT WARNING * * *
You hit the adder but do no damage.
The adder is moderately wounded.
You feel sick. The adder completely misses you.
You closely miss the adder.
The adder is moderately wounded.
You feel sick.
You are no longer poisoned.
The adder barely misses you. The adder bites you.
* * * LOW HITPOINT WARNING * * *
You are lethally poisoned!
The adder poisons you!
You hit the adder.
The adder is heavily wounded.
* * * LOW HITPOINT WARNING * * *
You feel sick. The adder bites you but does no damage.
You hit the adder.
The adder is severely wounded.
* * * LOW HITPOINT WARNING * * *
You feel sick. The adder bites you.
You die...

..# .. ##.# # #..# ##
##..# .## ##..## ..##
##....### ###..
...#####.......###......
....##........OS@.../...
.......#.......###.....§
...##.##...$..## ....§
..###.#.......# ...§ ###
..........# ... #
#.8.8.8.8.## ..
#.........# .
#.......8.# ∆
#.........# ∆


You could see an ogre and an adder.

Vanquished Creatures
  A howler monkey (D:5)
  2 hounds (D:5)
3 creatures vanquished.

Notes
Turn   | Place    | Note
-------+----------+-------------------------------------------
     0 | D:5      | Reached skill level 9 in Stealth
     0 | D:5      | DocClef the Gnoll Delver began the quest for the Orb.
     0 | D:5      | Reached XP level 1. HP: 23/23 MP: 1/1
    35 | D:5      | Noticed a hound
    42 | D:5      | Killed a hound
    43 | D:5      | Reached XP level 2. HP: 29/29 MP: 2/2
    43 | D:5      | Reached XP level 3. HP: 35/35 MP: 3/3
    75 | D:5      | Reached skill level 1 in Long Blades
    75 | D:5      | Reached skill level 1 in Axes
    75 | D:5      | Reached skill level 1 in Maces & Flails
    75 | D:5      | Reached skill level 1 in Polearms
    75 | D:5      | Reached skill level 1 in Staves
    75 | D:5      | Reached skill level 1 in Slings
    75 | D:5      | Reached skill level 1 in Bows
    75 | D:5      | Reached skill level 1 in Crossbows
    75 | D:5      | Reached skill level 1 in Throwing
    75 | D:5      | Reached skill level 1 in Armour
    75 | D:5      | Reached skill level 1 in Shields
    75 | D:5      | Reached skill level 1 in Unarmed Combat
    75 | D:5      | Reached skill level 1 in Spellcasting
    75 | D:5      | Reached skill level 1 in Invocations
    75 | D:5      | Reached skill level 1 in Evocations
   192 | D:5      | Reached skill level 1 in Conjurations
   192 | D:5      | Reached skill level 1 in Hexes
   192 | D:5      | Reached skill level 1 in Summonings
   192 | D:5      | Reached skill level 1 in Necromancy
   192 | D:5      | Reached skill level 1 in Translocations
   192 | D:5      | Reached skill level 1 in Transmutations
   192 | D:5      | Reached skill level 1 in Fire Magic
   192 | D:5      | Reached skill level 1 in Ice Magic
   192 | D:5      | Reached skill level 1 in Air Magic
   192 | D:5      | Reached skill level 1 in Earth Magic
   192 | D:5      | Reached skill level 1 in Poison Magic
   192 | D:5      | Reached XP level 4. HP: 31/41 MP: 5/5
   195 | D:5      | Noticed an ogre
   211 | D:5      | HP: 2/41 [poisoned by an adder]
   211 | D:5      | Slain by an adder

Illustrated notes

Levels and vault maps discovered:
D:5:      layout_cave_pods, mainiacjoe_overflow_six_doors_small,
          serial_column_ruins, column_ruins_open_small, column_ruins_open_large,
          column_ruins_open_small, column_ruins_open_tiny, column_ruins_grid_4,
          kennysheep_boxes, uniq_eustachio, uniq_ijyb, uniq_prince_ribbit1

Skill      XL: |  1  2  3 |
---------------+----------+-----
Stealth        | |  9.6
Long Blades    | 1 |  1.2
Axes           | 1 |  1.2
Maces & Flails | 1 |  1.2
Polearms       | 1 |  1.2
Staves         | 1 |  1.2
Slings         | 1 |  1.2
Bows           | 1 |  1.2
Crossbows      | 1 |  1.2
Throwing       | 1 |  1.2
Armour         | 1 |  1.2
Shields        | 1 |  1.2
Unarmed Combat | 1 |  1.2
Spellcasting   | 1 |  1.2
Invocations    | 1 |  1.3
Evocations     | 1 |  1.2
Conjurations   | 1 |  1.0
Hexes          | 1 |  1.0
Summonings     | 1 |  1.0
Necromancy     | 1 |  1.0
Translocations | 1 |  1.0
Transmutations | 1 |  1.0
Fire Magic     | 1 |  1.0
Ice Magic      | 1 |  1.0
Air Magic      | 1 |  1.0
Earth Magic    | 1 |  1.0
Poison Magic   | 1 |  1.0
Fighting       | |  6.6
Short Blades   | |  4.6
Dodging        | |  4.6

Action                   |  1- 3 |  4- 6 || total
-------------------------+-------+-------++-------
Melee: Short sword       |    30 |    10 ||    40
       Punch             |     1 |       ||     1
       Bite              |     1 |       ||     1
 Stab: Sleeping          |     1 |       ||     1
Armor: Leather armour    |     4 |     2 ||     6
Dodge: Dodged            |    21 |    10 ||    31

Table legend: (Time is in decaauts)
 A = Elapsed time spent in this place.
 B = Non-inter-level travel time spent in this place.
 C = Inter-level travel time spent in this place.
 D = Time resting spent in this place.
 E = Time spent auto-exploring this place.
 F = Levels seen in this place.
 G = Mean time per level.
                   A        B        C        D        E       F      G
               +--------+--------+--------+--------+--------+-----+--------+
         Total |    205 |    205 |      0 |      0 |    146 |   1 |  205.0 |
       Dungeon |    205 |    205 |      0 |      0 |    146 |   1 |  205.0 |
               +--------+--------+--------+--------+--------+-----+--------+

Top non-repeatable levels by time:
     D:5: 205 daAuts
